 Dungeon Crawl Stone Soup version v1.0-4-gf91daec (webtiles) character file.

450 Chic the Cudgeler (level 6, -5/57 HPs)
             Began as a Minotaur Fighter on Feb 19, 2018.
             Slain by an orc wizard
             ... wielding a +1 dagger of electrocution
              (11 damage)
             ... on level 4 of the Dungeon.
             The game lasted 00:06:18 (3590 turns).

Chic the Cudgeler (Minotaur Fighter)                Turns: 3590, Time: 00:06:18

Health: -5/57      AC:  7    Str: 23    XL:     6   Next: 74%
Magic:  5/5        EV:  7    Int:  5    God:
Gold:   123        SH:  9    Dex:  9    Spells: 5/5 levels left

rFire    . . .     SeeInvis .   a - +0 flail
rCold    . . .     Gourm    .   c - +0 shield
rNeg     . . .     Faith    .   b - +0 scale mail
rPois    .         Spirit   .   e - +1 hat
rElec    .         Reflect  .   (no cloak)
rCorr    .         Harm     .   (no gloves)
MR       .....                  (no boots)
Stlth    ..........             (no amulet)
HPRegen  0.19/turn              (no ring)
MPRegen  0.09/turn              (no ring)

@: no status effects
A: retaliatory headbutt, horns 2
a: no special abilities


You were on level 4 of the Dungeon.
You were not hungry.

You visited 1 branch of the dungeon, and saw 4 of its levels.

You collected 123 gold pieces.

Inventory:

Hand Weapons
 a - a +0 flail (weapon)
Armour
 b - a +0 scale mail (worn)
 c - a +0 shield (worn)
 e - a +1 hat (worn)
Jewellery
 j - a +3 ring of evasion {unknown}
Wands
 p - a wand of random effects (12)
Scrolls
 i - a scroll of identify {unknown}
 k - a scroll of teleportation {unknown}
 m - a scroll of random uselessness {unknown}
 n - a scroll of recharging {unknown}
 r - 2 scrolls of remove curse {unknown}
Potions
 d - a potion of might
 g - a potion of ambrosia {unknown}
 h - a potion of magic {unknown}
 l - a potion of heal wounds {unknown}
 o - a potion of brilliance {unknown}
 q - a potion of degeneration {unknown}
Comestibles
 f - 5 rations


   Skills:
 + Level 5.6 Fighting
 * Level 7.6 Maces & Flails
 - Level 3.6 Armour
 - Level 3.6 Shields


You had 5 spell levels left.
You didn't know any spells.

Dungeon Overview and Level Annotations

Branches:
Dungeon (4/15)
 Temple: D:4-7

Altars:


Innate Abilities, Weirdness & Mutations

You reflexively headbutt those who attack you in melee.
You have a pair of horns on your head.


Message History

Something hits you but does no dacastercrab.
The barnacle bites you.
* * * CRAB GONE DIE * * *
You miss something. Your headbutt misses something.
Something hits you but does no dacastercrab.
The barnacle bites you but does no dacastercrab.
Something hits you but does no dacastercrab.
You block the barnacle's attack.
You miss something. You headbutt something. You block something's attack.
The barnacle barely misses you. You furiously retaliate!
You headbutt the barnacle. You block something's attack.
You barely miss something.
Something hits you but does no dacastercrab.
You are electrocuted!
* * * CRAB GONE DIE * * *
You block the barnacle's attack.
You miss something.
Something hits you but does no dacastercrab.
You are electrocuted!
Your journey is over little crab

######.##.############
.. #..#
#......................
#.##.##
#.#####.#######.######
..#.# .... ...# #.#
#.#.# .#.# ##### #.#
#.#.# (#.# #.# #...#
.#.# #.###### ##..##
.#.# #......# #..#.
.#.# #@)....# ##.#.
.#.# #r{.....# #>..
.#.# #.......# ####
...# #.......# #
.####### #.......# #
.......# #.......# #
.#####.# #.......# # .#
#.# #........ # .#
#.##### #


You could see a quokka.

Vanquished Creatures
  2 ogres (D:4)
  An orc priest (D:3)
  Ijyb (D:4)
  3 worker ants (D:4)
  3 adders
  3 worms
  8 dart slugs
  2 leopard geckos
  7 orcs
  6 giant cockroaches
  10 goblins
  6 hobgoblins
  3 jackals (D:4)
  20 kobolds
  A quokka (D:3)
  2 ball pythons
  10 bats
  8 frilled lizards
  8 rats
104 creatures vanquished.

Vanquished Creatures (others)
  7 toadstools (D:4)
7 creatures vanquished.

Grand Total: 111 creatures vanquished

Notes
Turn   | Place    | Note
-------+----------+-------------------------------------------
     0 | D:1      | Chic the Minotaur Fighter began the quest for the Orb.
     0 | D:1      | Reached XP level 1. HP: 19/19 MP: 0/0
    16 | D:1      | Reached skill level 3 in Maces & Flails
    44 | D:1      | Reached XP level 2. HP: 16/26 MP: 1/1
   325 | D:1      | Reached skill level 4 in Maces & Flails
   396 | D:1      | Reached XP level 3. HP: 26/31 MP: 2/2
  1328 | D:2      | Reached skill level 5 in Maces & Flails
  1347 | D:2      | Reached XP level 4. HP: 25/40 MP: 3/3
  2240 | D:3      | Reached XP level 5. HP: 46/47 MP: 4/4
  2405 | D:3      | Reached skill level 6 in Maces & Flails
  2714 | D:4      | Noticed an ogre
  2718 | D:4      | Killed an ogre
  2718 | D:4      | Reached skill level 5 in Fighting
  2718 | D:4      | Reached XP level 6. HP: 10/56 MP: 5/5
  3029 | D:4      | Reached skill level 7 in Maces & Flails
  3294 | D:4      | Noticed Ijyb
  3305 | D:4      | Killed Ijyb
  3590 | D:4      | Slain by an orc wizard

Skill      XL: |  1  2  3  4  5  6 |
---------------+-------------------+-----
Maces & Flails | 3 4 5 6 7 |  7.6
Fighting       | 4 5 |  5.6
Armour         | |  3.6
Shields        | |  3.6

Action                   |  1- 3 |  4- 6 || total
-------------------------+-------+-------++-------
Melee: Flail             |   144 |   172 ||   316
       Headbutt          |    15 |    26 ||    41
  Eat: Chunk             |     2 |     7 ||     9
Armor: Scale mail        |    58 |    68 ||   126
Dodge: Dodged            |    42 |    58 ||   100
Block: Shield            |    81 |    90 ||   171
